Unix NetHack Version 3.7.0-89 Work-in-progress - last build Nov 3 2023 16:47:00 (ea8ed35e81eded05176fbf39db35bf4bcaa3adb9,branch:master). Game began 2023-11-07 12:10:58, ended 2023-11-07 14:09:53. 9629, lawful male human Samurai # ---.- --------------- ---------- --------- |....# |.............| #-@[.[[[[[| #......>..# |...|# |.............| #|[[.@%)[[| #|*......|# |...|### |.............| #|.[[[[[[[| #---------# |...| # |.............| #---------- # # |.<.| # |.............| #### ## # --.-- # -+-------.---.- # # # ## # ###### # # ### # #### # #### # --------# # # #################### # |.......# ## # ### -.-|-# ####### # |......| # ----.------- # |...| ----.----------# |......| # |..........| ###|...| |..............# |......| ##...........| #...>| ..............| |......| |..........| ----- |.............| |......| |........`.| --------------- -------- ------------ 9629 the Ronin St:16 Dx:17 Co:18 In:10 Wi:9 Ch:7 Lawful Dlvl:3 $:41 HP:0(27) Pw:8(8) AC:2 Xp:3/79 T:1503 Latest messages: (For instructions type a '?') You see here an apron (for sale, 75 zorkmids). You see here an orcish chain mail (for sale, 113 zorkmids). You see here a banded mail (for sale, 135 zorkmids). You see here a pair of buckled boots (for sale, 100 zorkmids). "For you, honored sir; only 100 zorkmids for this pair of buckled boots." v - a pair of buckled boots (unpaid, 100 zorkmids). You see here a banded mail (for sale, 135 zorkmids). What do you want to drop? You drop a pair of buckled boots (unpaid, 100 zorkmids). You see here a studded leather armor (for sale, 23 zorkmids). You see here a dwarvish roundshield (for sale, 15 zorkmids). You see here a bronze plate mail (for sale, 600 zorkmids). You see here a dwarvish roundshield (for sale, 15 zorkmids). You see here a banded mail (for sale, 135 zorkmids). You see here a pair of buckled boots (for sale, 100 zorkmids). Hachi picks up an elven leather helm. Hachi drops an elven leather helm. Hachi picks up an elven leather helm. Hachi drops an elven leather helm. Hachi picks up an elven leather helm. "Irasshaimase, 9629! Welcome again to Pervari's used armor dealership!" Hachi drops an elven leather helm. Hachi picks up an apron. You swap places with Hachi. Hachi drops an apron. Hachi picks up an apron. There is nothing here to pick up. You swap places with Hachi. Hachi drops an apron. You see here an apron. w - an apron. "Irasshaimase, 9629! Welcome again to Pervari's used armor dealership!" You stop. Hachi is in the way! Wait! That's a large mimic! You hit the large mimic! You hit the large mimic! You cannot escape from the large mimic! You cannot escape from the large mimic! The large mimic hits! What do you want to zap? In what direction? You kill the large mimic! Welcome to experience level 3. The bolt of cold bounces! The bolt of cold hits you! You die... Pervari gratefully inherits all your possessions. Do you want to see what you had when you died? [ynq] (y) Do you want to see your attributes? [ynq] (y) Inventory: Coins $ - 41 gold pieces Amulets u - an uncursed amulet of life saving s - an uncursed amulet of unchanging Weapons d - 33 +0 ya (in quiver) c - a +0 yumi a - a blessed +0 katana (weapon in hand) b - a +0 wakizashi (alternate weapon; not wielded) Armor p - an uncursed +0 kabuto (being worn) w - an uncursed +0 alchemy smock with text "Don't mess with the chef" n - a blessed +1 dwarvish mithril-coat (being worn) Scrolls q - an uncursed scroll of enchant weapon Potions r - a blessed potion of healing g - a blessed potion of restore ability k - a cursed potion of see invisible Wands h - a wand of cold (0:4) Tools f - an uncursed blindfold i - an uncursed oil lamp 9629 the Samurai's attributes: Background: You were a Ronin, a level 3 male human Samurai. You were lawful, on a mission for Amaterasu Omikami who was opposed by Raijin (neutral) and Susanowo (chaotic). You were in the Dungeons of Doom, on level 3. You entered the dungeon 1503 turns ago. You had 79 experience points, 1 more was needed to attain level 4. Basics: You had 0 out of 27 hit points. You had all 8 energy points (spell power). Your armor class was 2. Your wallet contained 41 zorkmids. Autopickup was off. Final Characteristics: Your strength was 16 (limit:18/100). Your dexterity was 17 (limit:18). Your constitution was 18 (limit:18). Your intelligence was 10 (limit:18). Your wisdom was 9 (limit:18). Your charisma was 7 (limit:18). Final Status: You weren't hungry. You were unencumbered. You were wielding a long sword. You had basic skill with long sword. Final Attributes: You were devoutly aligned. You were guarded. You were fast. You are dead. Miscellaneous: You never encountered a bones level. Total elapsed playing time was 15 minutes and 42 seconds. Major events: Turn 1: 9629 the lawful male human Samurai entered the dungeon 1503: attained the rank of Ronin (level 3) 1503: killed by a bolt of cold zapped by himself Vanquished creatures: a large mimic a gecko 4 jackals a fox a kobold 5 grid bugs 4 lichens 4 newts 21 creatures vanquished. No species were genocided or became extinct. Voluntary challenges: You read items or engraved 2 times. You engraved Elbereth 1 time. You never genocided any monsters. You never polymorphed an object. You never changed form. You used no wishes. Achievements: You entered a shop. You attained the rank of Ronin. The Dungeons of Doom: levels 1 to 4 Level 1: An altar to Amaterasu Omikami, a fountain. Level 2: A weapon shop. Level 3: <- You were here. An armor shop. Final resting place for you, killed by a bolt of cold zapped by yourself. Level 4: Game over: ---------- / \ / REST \ / IN \ / PEACE \ / \ | 9629 | | 41 Au | | killed by a bolt | | of cold zapped | | by himself | | | | 2023 | *| * * * | * _________)/\\_//(\/(/\)/\//\/|_)_______ Sayonara 9629 the Samurai... You died in The Dungeons of Doom on dungeon level 3 with 523 points, and 41 pieces of gold, after 1503 moves. You were level 3 with a maximum of 27 hit points when you died.